 Dungeon Crawl Stone Soup version 0.28.0-1-gb440e238dd (webtiles) character file.

Game seed: 8943153128958158866

53 cbfl8 the Sneak (level 3, -4/33 HPs)
             Began as a Minotaur Delver on Feb 27, 2022.
             Slain by a gnoll (13 damage)
             ... on level 4 of the Dungeon.
             The game lasted 00:00:53 (177 turns).

cbfl8 the Sneak (Minotaur Delver)                    Turns: 177, Time: 00:00:55

Health: -4/33      AC:  3    Str: 18    XL:     3   Next: 64%
Magic:  2/2        EV: 12    Int:  7    God:
Gold:   0          SH:  0    Dex: 11    Spells: 2/2 levels left

rFire   . . .      SeeInvis .   a - +0 hand axe
rCold   . . .      Faith    .   (no shield)
rNeg    . . .      Spirit   .   b - +0 leather armour
rPois   .          Reflect  .   (helmet restricted)
rElec   .          Harm     .   (no cloak)
rCorr   .          Rampage  .   (no gloves)
Will    .....                   (no boots)
Stlth   ++........              (no amulet)
HPRegen 0.11/turn               (no ring)
MPRegen 0.08/turn               (no ring)

@: no status effects
A: horns 2, retaliatory headbutt
a: no special abilities


You were on level 4 of the Dungeon.
You visited 1 branch of the dungeon, and saw 2 of its levels.

Inventory:

Hand Weapons
 a - a +0 hand axe (weapon)
Armour
 b - a +0 leather armour (worn)
Wands
 g - a wand of digging (3)
Scrolls
 c - a scroll of fog
 e - a scroll of fear
Potions
 d - a potion of flight {unknown}
 f - a potion of haste


   Skills:
 + Level 4.2 Fighting
 + Level 2.6 Axes
 + Level 2.7 Dodging
 + Level 4.7 Stealth


You had 2 spell levels left.
You didn't know any spells.
Your spell library was empty.

Dungeon Overview and Level Annotations

Branches:
Dungeon (5/15)
 Temple: D:4-7

Altars:


Innate Abilities, Weirdness & Mutations

You have a pair of horns on your head.
You reflexively headbutt those who attack you in melee.


Message History

You kill the gnoll!
The adder misses you.
Your Fighting skill increases to level 4!
The adder bites you but does no damage.
There is a stone staircase leading down here.
You barely miss the adder. Your headbutt misses the adder.
The adder is heavily wounded.
The adder barely misses you.
You closely miss the adder.
The adder is heavily wounded.
The adder bites you but does no damage. The adder bites you.
The teleport trap disappears.
The quokka disappears!
You hit the adder.
The adder is heavily wounded.
The adder barely misses you. The adder bites you.
You are poisoned.
The adder poisons you!
You hit the adder. Your headbutt misses the adder.
The adder is almost dead.
You feel sick. The adder barely misses you.
You hit the adder.
You kill the adder!
You feel sick.
You start resting.
You feel sick. x3
You are no longer poisoned.
You start resting.
A gnoll comes into view. It is wielding a +0 flail.
Found 12 bolts.
The gnoll shouts!
A gnoll comes into view. It is wielding a +0 halberd.
The gnoll closely misses you. The gnoll hits you with a +0 flail.
You barely miss the gnoll. The gnoll barely misses you.
The gnoll closely misses you.
You hit the gnoll. Your headbutt misses the gnoll.
The gnoll is lightly wounded.
The gnoll hits you from afar with a +0 halberd!
* * * LOW HITPOINT WARNING * * *
The gnoll barely misses you.
The gnoll hits you from afar with a +0 halberd!
You die...

......
......###
.........
..... ..#
......#.###
......#.).#
#...†>#.#
#...#.#g#####
##..#@g(.....
## ##......#
.##.#.# ## #


You could see 2 gnolls.

Vanquished Creatures
  A centaur zombie (D:5)
  A gnoll (D:4)
  An adder (D:4)
  A hobgoblin (D:4)
4 creatures vanquished.

Notes
Turn   | Place    | Note
-------+----------+-------------------------------------------
     0 | D:5      | cbfl8 the Minotaur Delver began the quest for the Orb.
     0 | D:5      | Reached XP level 1. HP: 19/19 MP: 0/0
    50 | D:5      | Reached XP level 2. HP: 18/27 MP: 1/1
    50 | D:5      | Reached XP level 3. HP: 22/33 MP: 2/2
   177 | D:4      | Slain by a gnoll

Illustrated notes

Levels and vault maps discovered:
D:4:      layout_rooms, lemuel_tele_altar, gammafunk_temple_overflow_statue,
          st_stairs_12, uniq_blork_the_orc
D:5:      layout_rooms, nzn_overflow_gifts_of_might_and_magic, st_stairs_6,
          minmay_divided_ellipse, uniq_pikel, uniq_menkaure

Skill      XL: |  1  2  3 |
---------------+----------+-----
Fighting       | 4 |  4.2
Axes           | |  2.6
Dodging        | |  2.7
Stealth        | |  4.7

Action                   || total
-------------------------++-------
Melee: Hand axe          ||    20
       Headbutt          ||     4
  Use: Scroll            ||     1
Armor: Leather armour    ||    13
Dodge: Dodged            ||    27
